 Dungeon Crawl Stone Soup version 0.28-a0-1199-gef9e1dbd39 (webtiles) character file.

Game seed: 10524027988323315763

165 lessens the Vexing (level 5, 0/35 HPs)
             Began as a Merfolk Enchanter on Dec 20, 2021.
             Slain by an iguana (10 damage)
             ... on level 4 of the Dungeon.
             The game lasted 00:06:11 (4220 turns).

lessens the Vexing (Merfolk Enchanter)              Turns: 4220, Time: 00:06:12

Health: 0/35       AC:  3    Str: 10    XL:     5   Next: 46%
Magic:  0/10       EV: 12    Int: 15    God:
Gold:   150        SH:  0    Dex: 14    Spells: 5/10 levels left

rFire   . . .      SeeInvis .   a - +1 dagger
rCold   . . .      Faith    .   (no shield)
rNeg    . . .      Spirit   .   b - +0 robe
rPois   .          Reflect  .   (no helmet)
rElec   .          Harm     .   (no cloak)
rCorr   .          Rampage  .   (no gloves)
Will    .....                   h - +0 pair of boots
Stlth   ++........              (no amulet)
HPRegen 0.11/turn               (no ring)
MPRegen 0.12/turn               (no ring)

@: no status effects
A: (nimble swimmer 2), mertail
a: no special abilities


You were on level 4 of the Dungeon.
You visited 1 branch of the dungeon, and saw 4 of its levels.

You collected 150 gold pieces.

Inventory:

Hand Weapons
 a - a +1 dagger (weapon)
 j - a +0 spear
Missiles
 d - 109 stones (quivered)
 m - 23 poisoned darts
Armour
 b - a +0 robe (worn)
 h - a +0 pair of boots (worn)
 p - a +0 helmet
Scrolls
 f - a scroll of enchant weapon {unknown}
 g - 2 scrolls of teleportation
 k - a scroll of vulnerability {unknown}
 n - a scroll of enchant armour {unknown}
Potions
 c - a potion of invisibility
 i - a potion of brilliance
 l - a potion of cancellation
 o - a potion of degeneration {unknown}


   Skills:
 - Level 1.2 Short Blades
 + Level 3.0 Polearms
 - Level 2.6 Dodging
 - Level 3.2 Stealth
 + Level 3.4 Spellcasting
 + Level 4.4 Hexes


You had 5 spell levels left.
You knew the following spells:

 Your Spells              Type           Power      Damage    Failure   Level
a - Ensorcelled Hibernat  Hex/Ice        18%        N/A       12%         2
b - Confusing Touch       Hex            15%        N/A       10%         3

Your spell library contained the following spells:

 Spells                   Type           Power      Damage    Failure   Level
 Tukima's Dance           Hex            15%        N/A       10%         3
 Foxfire                  Conj/Fire      8%         2x1d4     19%         1
 Dazzling Flash           Conj/Hex       18%        N/A       22%         3
 Inner Flame              Hex/Fire       9%         N/A       22%         3
 Blink                    Tloc           4%         N/A       28%         2
 Conjure Flame            Conj/Fire      2%         6-21      50%         3
 Lesser Beckoning         Tloc           2%         N/A       50%         3
 Flame Wave               Conj/Fire      2%         2d4       88%         4
 Manifold Assault         Tloc           2%         N/A       99%         5


Dungeon Overview and Level Annotations

Branches:
Dungeon (4/15)
 Temple: D:4-7

Altars:
Cheibriados
Dithmenos

Shops:
D:2 [


Innate Abilities, Weirdness & Mutations

((You are quick and stealthy near water. (Stealth+, EV+, Speed+++)))
Your lower body shifts to a powerful aquatic tail in water.


Message History

An iguana is nearby!
An iguana is nearby!
The iguana hisses angrily.
The iguana bites you!
Casting: Ensorcelled Hibernation (safe; 12% risk of failure)
Confirm with . or Enter, or press ? or * to list all spells.
Aiming: Ensorcelled Hibernation (safe; 12% risk of failure)
Press: ? - help, Shift-Dir - straight line, f - iguana
Aim: an iguana (chance to affect: 50%)
The iguana resists with some effort.
The iguana bites you!
Casting: Ensorcelled Hibernation (safe; 12% risk of failure)
Confirm with . or Enter, or press ? or * to list all spells.
Aiming: Ensorcelled Hibernation (safe; 12% risk of failure)
Press: ? - help, Shift-Dir - straight line, f/p - iguana
Aim: an iguana (chance to affect: 50%)
The iguana resists with some effort.
The iguana barely misses you.
Casting: Ensorcelled Hibernation (safe; 12% risk of failure)
Confirm with . or Enter, or press ? or * to list all spells.
Aiming: Ensorcelled Hibernation (safe; 12% risk of failure)
Press: ? - help, Shift-Dir - straight line, f/p - iguana
Aim: an iguana (chance to affect: 50%)
The iguana resists with some effort.
The iguana misses you.
Casting: Ensorcelled Hibernation (safe; 12% risk of failure)
Confirm with . or Enter, or press ? or * to list all spells.
Aiming: Ensorcelled Hibernation (safe; 12% risk of failure)
Press: ? - help, Shift-Dir - straight line, f/p - iguana
Aim: an iguana (chance to affect: 50%)
The iguana resists with some effort.
The iguana bites you.
* * * LOW HITPOINT WARNING * * *
Casting: Ensorcelled Hibernation (safe; 12% risk of failure)
Confirm with . or Enter, or press ? or * to list all spells.
Aiming: Ensorcelled Hibernation (safe; 12% risk of failure)
Press: ? - help, Shift-Dir - straight line, f/p - iguana
Aim: an iguana (chance to affect: 50%)
The iguana looks drowsy...
The helpless iguana fails to defend itself.
You puncture the iguana!
The iguana is almost dead.
The iguana bites you!
You die...

###.......##.##
#.###
..........##.#
##....
#<......##.###
#.....
#............#
#...#.
####..>.........#
#.....
...".....##.....#
#.....
######...##.###.#
#.....
..##....###.#
.........
.......@.##.#
$........
..##.###l##.#
......M . # #.
.##.. .... #
.#### .> ##


You could see an iguana.

Vanquished Creatures
  A bullfrog skeleton (D:3)
  An iguana (D:4)
  4 gnolls
  A worm (D:3)
  2 dart slugs (D:1)
  3 orcs (D:3)
  7 endoplasms
  3 giant cockroaches
  5 goblins
  6 hobgoblins
  2 jackals (D:3)
  5 quokkas
  7 ball pythons
  A bat (D:1)
  2 frilled lizards (D:1)
  5 kobolds
  4 rats
59 creatures vanquished.

Notes
Turn   | Place    | Note
-------+----------+-------------------------------------------
     0 | D:1      | lessens the Merfolk Enchanter began the quest for the Orb.
     0 | D:1      | Reached XP level 1. HP: 13/13 MP: 3/3
   127 | D:1      | Reached XP level 2. HP: 19/19 MP: 5/5
   154 | D:1      | Learned a level 2 spell: Ensorcelled Hibernation
  1095 | D:2      | Reached XP level 3. HP: 18/24 MP: 3/6
  1324 | D:2      | Found Memnanit's Armour Shoppe.
  2446 | D:3      | Reached skill level 1 in Polearms
  2484 | D:3      | Learned a level 3 spell: Confusing Touch
  2757 | D:3      | Reached XP level 4. HP: 12/30 MP: 1/8
  3017 | D:2      | Reached skill level 4 in Hexes
  3431 | D:3      | Found a shadowy altar of Dithmenos.
  3476 | D:3      | Reached XP level 5. HP: 35/35 MP: 2/9
  4018 | D:4      | Found a snail-covered altar of Cheibriados.
  4220 | D:4      | Slain by an iguana

Illustrated notes

Levels and vault maps discovered:
D:1:      dpeg_arrival_arbitrary_c, layout_rooms, minmay_crystal_room
D:2:      layout_basic, serial_shops, nicolae_shop_behind_doors
D:3:      layout_basic, grunt_dithmenos_smoke_and_mirrors
D:4:      layout_loops_ring, eat_drink_and_be_merry_uskayaw, slow_altar_1,
          nicolae_ashenzari_panopticon, kennysheep_nondescript,
          kennysheep_generic_room_10

Skill      XL: |  1  2  3  4  5 |
---------------+----------------+-----
Polearms       | 1 2 3 |  3.0
Spellcasting   | 3 |  3.4
Hexes          | 4 |  4.4
Short Blades   | |  1.2
Dodging        | |  2.6
Stealth        | |  3.2

Action                   |  1- 3 |  4- 6 || total
-------------------------+-------+-------++-------
Melee: Dagger            |   112 |    39 ||   151
       Spear             |     5 |       ||     5
 Cast: Ensorcelled Hiber |    24 |    24 ||    48
       Confusing Touch   |     1 |     2 ||     3
  Use: Scroll            |       |     3 ||     3
 Stab: Sleeping          |    25 |    11 ||    36
       Confused          |     1 |     2 ||     3
Armor: Robe              |    18 |     9 ||    27
Dodge: Dodged            |    75 |    23 ||    98

Table legend: (Time is in decaauts)
 A = Elapsed time spent in this place.
 B = Non-inter-level travel time spent in this place.
 C = Inter-level travel time spent in this place.
 D = Time resting spent in this place.
 E = Time spent auto-exploring this place.
 F = Levels seen in this place.
 G = Mean time per level.
                   A        B        C        D        E       F      G
               +--------+--------+--------+--------+--------+-----+--------+
         Total |   4213 |   4105 |    108 |    785 |   2639 |   4 | 1053.2 |
       Dungeon |   4213 |   4105 |    108 |    785 |   2639 |   4 | 1053.2 |
               +--------+--------+--------+--------+--------+-----+--------+

Top non-repeatable levels by time:
     D:3: 1592 daAuts
     D:1: 1167 daAuts
     D:2: 1151 daAuts
     D:4: 301 daAuts
